 Dungeon Crawl Stone Soup version 0.23-a0-57-gd13e5294dc (webtiles) character file.

32827 marsu the Impaler (level 13, -3/109 HPs)
             Began as a Merfolk Skald on Aug 9, 2018.
             Was a Priest of Ashenzari.
             Killed from afar by a manticore (20 damage)
             ... with a volley of spikes
             ... on level 4 of the Lair of Beasts.
             The game lasted 00:52:06 (24897 turns).

marsu the Impaler (Merfolk Skald)                  Turns: 24897, Time: 00:52:06

Health: -3/109     AC:  7    Str: 13    XL:     13   Next: 67%
Magic:  16/25      EV: 18    Int: 19    God:    Ashenzari [***...]
Gold:   861        SH:  0    Dex: 13    Spells: 13/29 levels left

rFire    + . .     SeeInvis +   b - +1 trident (pierce) (curse)
rCold    . . .     Gourm    .   (no shield)
rNeg     . . .     Faith    .   N - +0 leather armour {MR+} {MR+}
rPois    .         Spirit   .   a - +1 helmet {Int+3} (curse) {Int+3}
rElec    .         Reflect  .   l - +0 cloak
rCorr    .         Harm     .   n - +0 pair of gloves
MR       +....                  (no boots)
Stlth    +.........             (no amulet)
HPRegen  1.28/turn              F - ring of protection from fire
MPRegen  0.19/turn              (no ring)

@: lethally poisoned (-3 -> -3), barbed spikes, regenerating
A: change form in water, swift swim, stealthy swim
a: Curse Item, Scrying, Renounce Religion


You were on level 4 of the Lair of Beasts.
You worshipped Ashenzari.
Ashenzari was most pleased with you.
You were not hungry.

You visited 3 branches of the dungeon, and saw 15 of its levels.
You also visited: Sewer.

You collected 951 gold pieces.
You spent 90 gold pieces at shops.

Inventory:

Hand Weapons
 b - a cursed +1 trident of piercing (weapon)
Missiles
 c - 16 tomahawks
 j - 45 poisoned needles
 Q - 362 stones (quivered)
Armour
 a - a cursed +1 helmet of intelligence (worn) {Int+3}
 l - a +0 cloak (worn)
 n - a +0 pair of gloves (worn)
 L - a cursed scarf of cloud immunity
 N - a +0 leather armour of magic resistance (worn) {MR+}
Jewellery
 C - an uncursed ring of ice {rC+, rF-}
 F - a ring of protection from fire (left hand)
Wands
 q - a wand of acid (9)
 u - a wand of paralysis (6)
 D - a wand of digging (28)
 M - a wand of flame (16)
Scrolls
 e - 9 scrolls of remove curse
 f - 4 scrolls of enchant weapon
 i - 9 scrolls of identify
 k - 5 scrolls of magic mapping {!r}
 m - 2 scrolls of summoning
 o - 2 scrolls of immolation {!r}
 t - 7 scrolls of teleportation
 B - a scroll of blinking {!r}
 J - 4 scrolls of amnesia
 O - a scroll of holy word {!r}
Potions
 g - 2 potions of might
 h - 4 potions of flight
 p - 5 potions of heal wounds
 r - 2 potions of magic
 s - 3 potions of mutation {!q}
 v - 6 potions of lignification {!q}
 w - a potion of ambrosia {unknown}
 x - 2 potions of invisibility {unknown}
 z - a potion of berserk rage {unknown}
 A - 3 potions of degeneration {unknown}
 E - 2 potions of brilliance {unknown}
 I - 2 potions of haste {unknown}
Miscellaneous
 G - a fan of gales
 K - a lightning rod (4/4)
Comestibles
 d - 36 rations


   Skills:
 + Level 12.3 Fighting
 - Level 16.0(18.4) Polearms
 - Level 0.6 Armour
 + Level 11.3 Dodging
 + Level 8.7 Spellcasting
 + Level 2.6 Conjurations
 - Level 2.0 Hexes
 - Level 9.0 Charms
 - Level 2.0 Necromancy
 - Level 3.0 Translocations
 - Level 3.0 Fire Magic


You had 13 spell levels left.
You knew the following spells:

 Your Spells              Type           Power        Failure   Level  Hunger
a - Infusion              Chrm           ####         1%          1    None
b - Blink                 Tloc           N/A          4%          2    None
c - Conjure Flame         Conj/Fire      ###.....     10%         3    None
r - Regeneration          Chrm/Necr      ####......   3%          3    None
s - Shroud of Golubria    Chrm/Tloc      ####......   1%          2    None
z - Spectral Weapon       Hex/Chrm       ####....     3%          3    None
S - Song of Slaying       Chrm           #####...     1%          2    None

Your spell library contained the following spells:

 Spells                   Type           Power        Failure   Level  Hunger
 Magic Dart               Conj           ###.         3%          1    None
 Slow                     Hex            ###.....     7%          2    None
 Mephitic Cloud           Conj/Pois/Air  ##......     22%         3    None
 Venom Bolt               Conj/Pois      ##........   86%         5    #####..
 Olgreb's Toxic Radiance  Pois           #.......     71%         4    ###....
 Call Imp                 Summ           #.......     16%         2    None
 Sting                    Conj/Pois      ##..         6%          1    None
 Poisonous Vapours        Pois/Air       #.....       16%         2    None


Dungeon Overview and Level Annotations

Branches:
Dungeon (10/15)            Temple (0/1) D:5            Lair (4/6) D:9
 Shoals (0/4) Lair:4          Orc (1/2) D:9
  Snake: Lair:2-4    Spider: Lair:2-4

Altars:
Ashenzari
Elyvilon
Hepliaklqana
Nemelex Xobeh
Ru
Trog
Wu Jian

Shops:
D:7 [

Annotations:
D:5 3 runed doors, Artagas's ghost, amateur DDFi
D:6 1 runed door, Ablot's ghost, novice GnSk
D:7 1 runed door, wont's ghost, novice SpAs
Lair:1 3 runed doors, Zunucy's ghost, journeyman GrFi
Lair:3 1 runed door, meralisa's ghost, journeyman NaTm


Message History

Your spectral weapon shares its damage with you!
* * * LOW HITPOINT WARNING * * *
You catch the helpless komodo dragon completely off-guard!
You puncture the komodo dragon!
You kill the komodo dragon!
The manticore flicks its tail.
The volley of spikes hits you!
The barbed spikes become lodged in your body.
* * * LOW HITPOINT WARNING * * *
You take 14 damage, and have 16/109 hp.
Aim: a manticore The bolt of acid hits the manticore.
The manticore is splashed with acid.
The acid corrodes the manticore!
You feel sick.
Aim: a manticore (moderately wounded, covered in acid)
The bolt of acid hits the manticore.
The manticore is splashed with acid.
The acid corrodes the manticore!
The manticore flicks its tail.
The volley of spikes hits you!
The barbed spikes become lodged in your body.
You die...

.....## ......., .......### ,
.......>.# ### #### .........#
#####.###..######
.........#####...............#
............##..............##
, #......H..@%####.#####..#
.y...........†(#≈≈≈#.#≈≈≈#..#
...............#≈≈≈###≈≈≈#.D##
..........[...##≈≈≈#≈#≈≈≈##..#
,
..#...(.#.....#≈####≈÷###≈#.##
.
#...........#≈≈≈#≈≈≈#≈≈≈#..##
,
##......##..#≈≈≈#≈>≈#≈≈≈#....
###....#.#.#)≈≈#≈≈≈#≈≈≈#.... *
,,* #≈###'≈####≈#....


You could see a manticore and a friendly spectral trident of piercing.

Vault maps used:
D:1:      minmay_arrival_stone_box
D:2:      minmay_kobold_bridge, overflow_temple_1_default, first_ration,
          corexii_leaking_fountain
D:3:      ashenzari_altar_1, uniq_jessica
D:5:      minmay_temple_entry_statues_fountains, gammafunk_ghost_nasty_kobolds,
          gup_sewer_entry_bowl
D:6:      marbit_many_paths, gammafunk_ghost_grave, grunt_ministairs_11,
          nicolae_ru_great_annihilating_truth
D:7:      lemuel_insect_pit, grunt_temple_overflow_open,
          hellmonk_ghost_happy_afterlife, serial_shops, kennysheep_mini_moat
D:8:      hangedman_ranch, trog_butcher_becter, uniq_joseph
D:9:      due_lair_maze_entry_diamond, zombieorc1_lemuel,
          lightli_fourway_metalbox
D:10:     kb_rosetta
Lair:1:   ebering_ghost_rock_garden
Lair:2:   wad_woods_stonehenge, grunt_forest_small_clearings,
          grunt_megastairs_2, lemuel_fruit_tree
Lair:3:   ebering_ghost_inner_flame, grunt_forest_large_clearings
Lair:4:   regret_index_bee_streams, elwin_shoals_entry_rooms
Sewer:    sewer_co_purgy_island

Notes
Turn   | Place    | Note
-------+----------+-------------------------------------------
     0 | D:1      | marsu the Merfolk Skald began the quest for the Orb.
     0 | D:1      | Reached XP level 1. HP: 16/16 MP: 3/3
   207 | D:1      | Reached XP level 2. HP: 23/23 MP: 5/5
   671 | D:2      | Reached XP level 3. HP: 21/28 MP: 1/6
   783 | D:2      | Found an ornate altar of the Wu Jian Council.
   789 | D:2      | Reached skill level 4 in Polearms
  1075 | D:2      | Reached XP level 4. HP: 20/34 MP: 0/7
  1493 | D:2      | Reached skill level 3 in Fighting
  1768 | D:3      | Reached skill level 5 in Polearms
  1774 | D:3      | Noticed Jessica
  1790 | D:3      | Killed Jessica
  1790 | D:3      | Reached skill level 4 in Charms
  1790 | D:3      | Reached XP level 5. HP: 31/41 MP: 3/9
  1930 | D:3      | Learned a level 2 spell: Shroud of Golubria
  1934 | D:3      | Learned a level 3 spell: Regeneration
  1938 | D:3      | Learned a level 3 spell: Spectral Weapon
  2078 | D:3      | Found a shattered altar of Ashenzari.
  2125 | D:3      | Became a worshipper of Ashenzari the Shackled
  2125 | D:3      | Identified an uncursed ring of protection from fire (You found it on level 2 of the Dungeon)
  2256 | D:3      | HP: 5/41 [orc wizard/puff of flame (10)]
  2266 | D:2      | Identified 2 potions of might
  2266 | D:2      | HP: 4/41 [orc wizard/dagger (3)]
  2267 | D:2      | Identified 2 potions of flight
  2268 | D:2      | Identified a potion of heal wounds
  2270 | D:2      | Reached skill level 6 in Polearms
  2270 | D:2      | Reached skill level 3 in Spellcasting
  2270 | D:2      | Reached XP level 6. HP: 28/47 MP: 6/10
  2952 | D:4      | Identified a potion of curing
  3415 | D:4      | You fall through a shaft for 3 floors!
  3415 | D:7      | Found a runed door.
  3415 | D:7      | Found a runed door.
  3416 | D:7      | Identified 3 scrolls of enchant weapon
  3417 | D:7      | Identified 2 scrolls of teleportation
  3436 | D:7      | Noticed an orc warrior
  3447 | D:7      | Noticed an ice beast
  3496 | D:7      | Found a shattered altar of Ashenzari.
  3735 | D:6      | Identified a ring of attention
  3764 | D:6      | Reached skill level 4 in Fighting
  3764 | D:6      | Reached skill level 7 in Polearms
  3764 | D:6      | Reached XP level 7. HP: 54/54 MP: 3/12
  4108 | D:5      | Entered Level 5 of the Dungeon
  4186 | D:5      | Found a glowing drain.
  4196 | Sewer    | Entered a sewer
  4253 | Sewer    | Noticed Purgy
  4317 | Sewer    | Killed Purgy
  4317 | Sewer    | Reached skill level 5 in Charms
  4466 | Sewer    | Reached * piety under Ashenzari
  4608 | D:5      | Found a runed gate.
  4608 | D:5      | Found a runed gate.
  4608 | D:5      | Found a runed gate.
  4608 | D:5      | Noticed Artagas's ghost (amateur DDFi)
  4671 | D:5      | Reached skill level 8 in Polearms
  5131 | D:5      | Found a staircase to the Ecumenical Temple.
  5396 | D:4      | Identified a +0 spear of venom (You found it on level 4 of the Dungeon)
  5444 | D:5      | Reached XP level 8. HP: 47/61 MP: 2/13
  5448 | D:5      | Reached skill level 4 in Spellcasting
  5813 | D:6      | Reached skill level 5 in Fighting
  5813 | D:6      | Reached skill level 9 in Polearms
  5990 | D:6      | Found a sacrificial altar of Ru.
  6114 | D:6      | Found a sparkling altar of Nemelex Xobeh.
  6144 | D:6      | Found a runed door.
  6145 | D:6      | Noticed Ablot's ghost (novice GnSk)
  6446 | D:7      | Identified 5 scrolls of identify
  6446 | D:7      | Identified a potion of magic
  6447 | D:7      | Identified 2 potions of lignification
  6448 | D:7      | Identified a potion of mutation
  6449 | D:7      | Identified 3 scrolls of random uselessness
  6450 | D:7      | Identified 3 scrolls of magic mapping
  6451 | D:7      | Identified 2 scrolls of immolation
  6452 | D:7      | Identified a scroll of enchant armour
  6453 | D:7      | Identified a scroll of amnesia
  6458 | D:7      | Learned a level 3 spell: Regeneration
  6458 | D:7      | Identified a scroll of holy word
  6513 | D:7      | Got the flail of Cruel Justice {freeze, rElec}
  6553 | D:7      | Found a hazy altar of Hepliaklqana.
  6625 | D:7      | Reached skill level 6 in Charms
  6808 | D:7      | Reached skill level 10 in Polearms
  6964 | D:7      | HP: 16/64 [orc priest/divine providence (15)]
  6994 | D:7      | HP: 6/64 [orc priest/divine providence (15)]
  7437 | D:7      | Reached XP level 9. HP: 55/69 MP: 16/16
  7527 | D:7      | Found a runed door.
  7527 | D:7      | Noticed wont's ghost (novice SpAs)
  7569 | D:7      | Reached skill level 5 in Spellcasting
  7574 | D:7      | Reached skill level 6 in Fighting
  7663 | D:7      | Found Emicauh's Armour Emporium.
  7671 | D:7      | Bought a +0 cloak for 45 gold pieces
  7671 | D:7      | Bought a +0 pair of gloves for 45 gold pieces
  7766 | D:7      | Reached skill level 11 in Polearms
  7972 | D:7      | Reached ** piety under Ashenzari
  8916 | D:8      | Learned a level 2 spell: Song of Slaying
  8919 | D:8      | Learned a level 2 spell: Blink
  8998 | D:8      | Reached skill level 7 in Charms
  9172 | D:8      | Reached skill level 12 in Polearms
  9187 | D:8      | Reached skill level 7 in Fighting
  9187 | D:8      | Reached XP level 10. HP: 79/79 MP: 5/18
  9274 | D:8      | Noticed a three-headed hydra
  9283 | D:8      | Killed a three-headed hydra
  9283 | D:8      | Reached skill level 13 in Polearms
  9283 | D:8      | Reached skill level 6 in Spellcasting
  9481 | D:8      | Identified a +0 halberd of venom (You found it on level 8 of the Dungeon)
  9743 | D:8      | HP: 18/79 [orc warrior/dire flail (11)]
 10033 | D:8      | Reached skill level 8 in Charms
 10182 | D:8      | Found a bloodstained altar of Trog.
 10368 | D:8      | Noticed Joseph
 10414 | D:8      | Killed Joseph
 10634 | D:9      | HP: 17/80 [vampire mosquito (7)]
 10642 | D:8      | HP: 9/80 [poisoned by a killer bee]
 11344 | D:9      | Reached skill level 8 in Fighting
 11478 | D:9      | Reached skill level 14 in Polearms
 11724 | D:9      | Found a staircase to the Lair.
 11978 | D:9      | Identified a ring of ice
 12010 | D:9      | Reached skill level 7 in Spellcasting
 12046 | D:9      | Reached XP level 11. HP: 79/87 MP: 17/21
 12187 | D:9      | Identified the +9 flail of Cruel Justice {freeze, rElec} (You found it on level 7 of the Dungeon)
 12218 | D:9      | Found a staircase to the Orcish Mines.
 12662 | D:10     | Entered Level 10 of the Dungeon
 12921 | D:10     | Reached skill level 9 in Charms
 13095 | D:10     | Identified a lightning rod (4/4)
 13457 | D:10     | Killed an unseen horror
 13457 | D:10     | Reached skill level 15 in Polearms
 13457 | D:10     | Reached skill level 3 in Dodging
 13457 | D:10     | Reached skill level 1 in Hexes
 13716 | D:10     | Reached skill level 1 in Translocations
 13722 | D:10     | Reached skill level 1 in Necromancy
 13846 | D:10     | Noticed a death knight
 13862 | D:10     | HP: 14/87 [something (8)]
 13863 | D:10     | HP: 3/87 [something (11)]
 14277 | D:10     | Killed an unseen horror
 14491 | Orc:1    | Entered Level 1 of the Orcish Mines
 14515 | D:9      | Reached skill level 9 in Fighting
 14606 | Lair:1   | Entered Level 1 of the Lair of Beasts
 14845 | Lair:1   | Reached skill level 4 in Dodging
 14875 | Lair:1   | Reached skill level 2 in Hexes
 14950 | Lair:1   | Identified 3 scrolls of acquirement
 15214 | Lair:1   | Reached *** piety under Ashenzari
 15280 | Lair:1   | Identified a +0 leather armour of magic resistance {MR+} (You found it on level 1 of the Lair of Beasts)
 15428 | Lair:1   | Found a runed gate.
 15429 | Lair:1   | Found a runed gate.
 15429 | Lair:1   | Found a runed gate.
 15431 | Lair:1   | Noticed Zunucy's ghost (journeyman GrFi)
 15432 | Lair:1   | Identified a ring of teleportation
 15701 | Lair:2   | Noticed a four-headed hydra
 15780 | Lair:2   | Reached skill level 2 in Necromancy
 15780 | Lair:2   | Reached skill level 2 in Translocations
 16256 | Lair:2   | Reached skill level 5 in Dodging
 16277 | Lair:2   | Reached XP level 12. HP: 37/96 MP: 9/22
 16456 | Lair:2   | Reached skill level 16 in Polearms
 16567 | Lair:2   | Reached skill level 3 in Translocations
 16672 | Lair:2   | Reached skill level 6 in Dodging
 16768 | Lair:2   | HP: 17/97 [four-headed hydra (14)]
 17142 | Lair:1   | Identified a cursed +1 trident of piercing (You acquired it on level 1 of the Lair of Beasts)
 17153 | Lair:1   | Identified a cursed +1 helmet of intelligence {Int+3} (You acquired it on level 1 of the Lair of Beasts)
 17153 | Lair:1   | Identified a scroll of fear
 17154 | Lair:1   | Identified 2 scrolls of blinking
 17159 | Lair:2   | Identified a +0 scimitar
 17204 | Lair:2   | Found a white marble altar of Elyvilon.
 17525 | Lair:2   | Identified a +0 quarterstaff
 17538 | Lair:2   | Reached skill level 10 in Fighting
 17559 | Lair:2   | Reached skill level 7 in Dodging
 17704 | Lair:2   | Learned a level 3 spell: Conjure Flame
 17729 | Lair:2   | Noticed an eight-headed hydra
 17746 | Lair:2   | Killed an eight-headed hydra
 17993 | Lair:2   | Killed a four-headed hydra
 17993 | Lair:2   | Reached skill level 1 in Fire Magic
 18233 | Lair:2   | Identified a +0 morningstar
 18313 | Lair:3   | Identified a +0 blowgun
 18553 | Lair:3   | Noticed a death yak
 18982 | Lair:3   | Identified a +0 battleaxe
 19011 | Lair:2   | Reached skill level 8 in Dodging
 19456 | Lair:3   | Noticed a death yak
 19586 | Lair:3   | Noticed a death yak
 19587 | Lair:3   | HP: 24/99 [death yak (24)]
 19930 | Lair:3   | Noticed a death yak
 19946 | Lair:2   | HP: 18/99 [wolf (7)]
 19949 | Lair:2   | Reached skill level 2 in Fire Magic
 20239 | Lair:2   | Killed a death yak
 20505 | Lair:2   | Killed a death yak
 20505 | Lair:2   | Reached skill level 8 in Spellcasting
 20698 | Lair:1   | Reached skill level 11 in Fighting
 20958 | Lair:2   | Killed a death yak
 20958 | Lair:2   | Reached skill level 9 in Dodging
 21074 | Lair:2   | Reached skill level 3 in Fire Magic
 21155 | Lair:3   | Identified a cursed +0 helmet
 21178 | Lair:3   | Reached XP level 13. HP: 106/106 MP: 16/25
 21510 | Lair:3   | Reached skill level 10 in Dodging
 22268 | Lair:3   | Reached skill level 12 in Fighting
 22268 | Lair:3   | Reached skill level 1 in Conjurations
 22637 | Lair:3   | Found a runed door.
 22641 | Lair:3   | Noticed meralisa's ghost (journeyman NaTm)
 22642 | Lair:3   | Identified the cursed +1 rapier of Kivutum {flame, +Blink rN++ Dex+3}
 23429 | Lair:4   | Identified a +0 hand axe (You took it off a meliai on level 4 of the Lair of Beasts)
 23682 | Lair:4   | Identified a scroll of fog
 24128 | Lair:4   | Reached skill level 11 in Dodging
 24128 | Lair:4   | Reached skill level 2 in Conjurations
 24515 | Lair:4   | Found a staircase to the Shoals.
 24583 | Lair:4   | Identified a +1 trident of piercing (You took it off a merfolk on level 4 of the Lair of Beasts)
 24895 | Lair:4   | HP: 16/109 [manticore/volley of spikes (15)]
 24897 | Lair:4   | Killed from afar by a manticore

Table legend:
 A = Turns spent in this place as a percentage of turns spent in the entire game.
 B = Non-inter-level travel turns spent in this place as a percentage of non-inter-level travel turns spent in the entire game.
 C = Inter-level travel turns spent in this place as a percentage of turns spent in this place.
 D = Turns resting spent in this place as a percentage of non-inter-level travel turns spent in this place.
 E = Turns spent auto-exploring this place as a percentage of non-inter-level travel turns spent in this place.
 F = Non-inter-level travel turns spent in this place divided by the number of levels of this place that you've seen.
                   A       B       C       D       E      F
               +-------+-------+-------+-------+-------+----------------------
         Total | 100.0 | 100.0 |   4.2 |  45.0 |  29.2 | 1491.3
       Dungeon |  57.0 |  57.3 |   3.7 |  39.9 |  35.2 | 1367.6
          Lair |  41.3 |  41.0 |   5.0 |  53.3 |  20.5 | 2444.0
  Orcish Mines |   0.0 |   0.0 |   0.0 |   0.0 |   0.0 |   8.0
         Sewer |   1.6 |   1.7 |   0.0 |  18.7 |  39.9 | 401.0
               +-------+-------+-------+-------+-------+----------------------

Table legend:
 A = Kills in this place as a percentage of kills in entire the game.
 B = Kills by you in this place as a percentage of kills by you in the entire game.
 C = Kills by friends in this place as a percentage of kills by friends in the entire game.
 D = Other kills in this place as a percentage of other kills in the entire game.
 E = Experience gained in this place as a percentage of experience gained in the entire game.
 F = Experience gained in this place divided by the number of levels of this place that you have seen.
                   A       B       C       D       E      F
               +-------+-------+-------+-------+-------+----------------------
         Total | 100.0 | 100.0 |   N/A |   N/A | 100.0 | 2931.0
       Dungeon |  63.1 |  63.1 |   N/A |   N/A |  30.2 | 1417.2
          Lair |  35.0 |  35.0 |   N/A |   N/A |  69.5 | 8143.5
         Sewer |   1.9 |   1.9 |   N/A |   N/A |   0.3 | 150.0
               +-------+-------+-------+-------+-------+----------------------

Skill      XL: |  1  2  3  4  5  6  7  8  9 10 11 12 13 |
---------------+----------------------------------------+-----
Polearms       | 4 5 6 7 8 10 12 14 15 16 | 16.0
Fighting       | 3 4 5 7 8 9 11 12 | 12.3
Charms         | 4 5 6 7 8 9 |  9.0
Spellcasting   | 3 4 5 7 8 |  8.7
Dodging        | 5 9 11 | 11.3
Hexes          | 2 |  2.0
Translocations | 2 3 |  3.0
Necromancy     | 2 |  2.0
Fire Magic     | 3 |  3.0
Conjurations   | 2 |  2.6
Armour         | |  0.6

Action                   |  1- 3 |  4- 6 |  7- 9 | 10-12 | 13-15 || total
-------------------------+-------+-------+-------+-------+-------++-------
Melee: Spear             |   114 |   192 |   462 |    14 |       ||   782
       Tailslap          |       |       |     3 |       |     9 ||    12
       Halberd           |       |       |       |   521 |       ||   521
       Trident           |       |       |       |   249 |   343 ||   592
       Flail             |       |       |       |     2 |       ||     2
 Cast: Infusion          |     9 |    17 |    30 |    18 |     2 ||    76
       Shroud of Golubri |       |     4 |    10 |    53 |     8 ||    75
       Spectral Weapon   |       |     1 |    10 |    54 |    29 ||    94
       Regeneration      |       |       |       |    33 |     3 ||    36
       Conjure Flame     |       |       |       |     3 |     5 ||     8
Evoke: Wand              |       |       |       |     4 |     7 ||    11
  Use: Potion            |       |     4 |       |       |       ||     4
       Scroll            |       |     3 |     9 |     5 |     1 ||    18
 Stab: Sleeping          |       |     1 |     2 |     1 |       ||     4
       Distracted        |       |       |     2 |     2 |     4 ||     8
       Paralysed         |       |       |     1 |       |     5 ||     6
  Eat: Chunk             |     1 |     8 |    19 |    34 |     8 ||    70
       Ration            |       |       |       |     3 |     1 ||     4
Armor: Leather armour    |    15 |    26 |    50 |   135 |    45 ||   271
Dodge: Dodged            |    49 |    82 |   126 |   522 |   258 ||  1037

Vanquished Creatures
  4 hydras
  4 death yaks
  2 unseen horrors (D:10)
  6 elephants
  Joseph (D:8)
  2 black mambas
  4 spiny frogs
  2 rime drakes
  A freezing wraith (D:10)
  3 komodo dragons
  A merfolk (Lair:4)
  A meliai (Lair:4)
  A troll (D:8)
  A hornet (D:10)
  2 dream sheep (D:8)
  13 blink frogs
  6 hippogriffs
  29 yaks
  A wyvern (Lair:4)
  2 basilisks
  4 hungry ghosts (D:9)
  A vampire mosquito (D:9)
  A steam dragon (Lair:4)
  A warg (D:9)
  8 water moccasins
  3 porcupines
  4 ice beasts
  Purgy (Sewer)
  4 orc warriors
  A sky beast (D:9)
  An eye of draining (D:5)
  A necrophage (D:8)
  5 ogres
  30 wolves
  13 crocodiles
  4 centaurs
  4 big kobolds
  9 bullfrogs
  3 scorpions
  29 killer bees
  A troll zombie (D:9)
  A bullfrog zombie (D:5)
  5 crimson imps
  A quasit (D:8)
  A centaur zombie (D:8)
  7 hounds
  7 orc priests
  3 centaur skeletons
  2 jellies
  A bullfrog skeleton (D:5)
  Jessica (D:3)
  4 worker ants
  7 iguanas
  9 orc wizards
  A hell rat (Lair:4)
  5 ogre zombies (D:9)
  A hound skeleton (D:9)
  3 worker ant zombies
  4 gnolls
  11 adders
  2 shadow imps
  An ooze (D:3)
  3 worms
  2 dart slugs (D:2)
  5 leopard geckos
  33 orcs
  4 ball pythons
  7 giant cockroaches
  5 goblins
  7 hobgoblins
  3 jackals (D:1)
  5 quokkas
  8 bats
  4 frilled lizards
  2 goblin skeletons (D:9)
  A goblin zombie (D:9)
  2 hobgoblin skeletons (D:9)
  3 hobgoblin zombies (D:9)
  13 kobolds
  2 leopard gecko skeletons
  2 orc skeletons (D:9)
  9 orc zombies (D:9)
  A quokka zombie (D:6)
  5 rats
417 creatures vanquished.

Vanquished Creatures (others)
  27 fungi
  18 plants
  7 spectral weapons
52 creatures vanquished.

Grand Total: 469 creatures vanquished
